 Dungeon Sprint DCSS version 0.30-a0-802-gb92711bcdf (webtiles) character file.

Game seed: 17839979307174838529

10100000 BigDaddyOpFi the Intangible (level 27, -7/228 HPs)
             Began as a Djinni Warper on Feb 24, 2023.
             Was the Champion of Makhleb.
             Killed by the air
             ... invoked by a tyrant
              (36 damage)
             ... in the Dungeon (Sprint VIII: "Arena of Blood").
             The game lasted 00:02:08 (101 turns).

BigDaddyOpFi the Intangible (Djinni Warper)          Turns: 101, Time: 00:02:08

Health: -7/228     AC:  6    Str: 10    XL:     27
Gold:   0          EV: 36    Int: 17    God:    Makhleb [******] SH:  0 Dex: 25

rFire   + + .      SeeInvis .    h - +∞ Axe of Woe
rCold   x . .      Faith    .    (shield currently unavailable)
rNeg    . . .      Spirit   .    a - +0 leather armour
rPois   ∞          Reflect  .    (no helmet)
rElec   .          Harm     .    (no cloak)
rCorr   .          Rampage  .    (no gloves)
Will    ++...      NoTele   +    (boots unavailable)
Stlth   ++++++++++               (no amulet)
HPRegen 0.58/turn                (no ring)
MPRegen 0.00/turn                (no ring)

@: flying
A: sickness immunity, fire resistance 2, cold vulnerability 1, float, innate
caster, HP casting, extra vitality 1
a: Renounce Religion, Minor Destruction, Lesser Servant of Makhleb, Major
Destruction, Greater Servant of Makhleb


You were in the Dungeon.
You worshipped Makhleb.
Makhleb was exalted by your worship.
You visited 1 branch

Inventory:

Hand Weapons
 h - the +∞ Axe of Woe (weapon)
   (You found it in the Dungeon)
Missiles
 c - 7 boomerangs of dispersal (quivered)
Armour
 a - a +0 leather armour (worn)
Scrolls
 b - 2 scrolls of blinking
Potions
 d - a potion of curing
 e - a potion of heal wounds
 f - a potion of haste
 g - a potion of berserk rage


   Skills:
 O Level 27 Fighting
 O Level 27 Short Blades
 O Level 27 Long Blades
 O Level 27 Axes
 O Level 27 Maces & Flails
 O Level 27 Polearms
 O Level 27 Staves
 O Level 27 Ranged Weapons
 O Level 27 Throwing
 O Level 27 Armour
 O Level 27 Dodging
 O Level 27 Stealth
 O Level 27 Shields
 O Level 27 Unarmed Combat
 O Level 27 Spellcasting
 O Level 27 Invocations
 O Level 27 Evocations


You knew the following spells:

 Your Spells              Type           Power      Damage    Failure   Level
a - Blink                 Tloc           100%       N/A       0%          2
b - Lesser Beckoning      Tloc           100%       N/A       0%          2
c - Vhi's Electric Charg  Tloc/Air       100%       N/A       0%          3
d - Teleport Other        Tloc           86%        N/A       0%          3
e - Manifold Assault      Tloc           86%        N/A       0%          4
f - Slow                  Hex            100%       N/A       0%          1
g - Searing Ray           Conj           100%       2d8       0%          2
h - Gell's Gravitas       Tloc           86%        N/A       0%          3
i - Swiftness             Air            86%        N/A       0%          3
j - Lightning Bolt        Conj/Air       43%        1d62      0%          5
k - Agony                 Necr           86%        N/A       0%          5
l - Starburst             Conj/Fire      43%        6d12      0%          6
m - Ozocubu's Refrigerat  Ice            43%        4d17      1%          7
n - Monstrous Menagerie   Summ           43%        N/A       1%          7
o - Malign Gateway        Summ/Tloc      43%        N/A       1%          7
p - Discord               Hex            43%        N/A       1%          8
q - Lehudib's Crystal Sp  Conj/Erth      43%        10d10     1%          8
r - Death's Door          Necr           43%        N/A       2%          9
Your spell library was empty.

Dungeon Overview and Level Annotations

Branches:
Dungeon (1/1)

Altars:
Makhleb


Innate Abilities, Weirdness & Mutations

You are immune to sickness and miasma.
You are immune to poison.
Your flesh is very heat resistant. (rF++)
You are vulnerable to cold. (rC-)
You float through the air rather than walking.
You learn spells naturally, not from books.
Your magical power is your life essence.
You have superior vitality. (+4 MHP)


Message History

You hew the tentacled monstrosity savagely.
You kill the tentacled monstrosity!
The tentacled monstrosity disappears in a puff of smoke!
You slash something!
You hew something savagely.
Makhleb accepts your kill.
You feel better.
Reactivating autopickup.
You feel a bit more experienced.
You are engulfed in blazing flames.
You resist.
* * * LOW HITPOINT WARNING * * *
You hear a shout! x5
The eight-headed meat hydra calls on the powers of darkness!
The eight-headed meat hydra convulses!
Your body is wracked with pain!
* * * LOW HITPOINT WARNING * * *
The bag of meat convulses! x2; The eight-headed meat hydra convulses!
Something is bathed in an unholy light!
The bag of meat convulses!
Unknown command.
You hack one of the eight-headed meat hydra's heads off!
The seven-headed meat hydra grows two more!
You slice the nine-headed meat hydra!!
You pulverise the nine-headed meat hydra into a thin bloody mist.
You kill the nine-headed meat hydra!
Makhleb accepts your kill.
You hit the tentacled monstrosity but do no damage.
You slaughter the tentacled monstrosity joyfully.
You kill the tentacled monstrosity!
The tentacled monstrosity disappears in a puff of smoke!
You hit the meat beast. You chop the meat beast into pieces.
You kill the meat beast!
Makhleb accepts your kill.
You feel better.
You feel something staring at you. Something smites you!
* * * LOW HITPOINT WARNING * * *
The tyrant gestures wildly while chanting.
The tyrant seems to speed up.
You hear a shout!
The tyrant waves its bony arms in wide circles.
The air twists around and strikes you!!!
You die...

....#.)°).))._.....
.......☼.).)###......
.......###.......###..
.....M...#)).....# .
.........#.).....#
#.......o)).......
.#.#...)))).X.....
#......)†)XX....
#.#..o.DL@o.LX...
#o#.....#.X§.X.X.#
......§.....LX.§.#
.X.....##.#X......
#.X.... .......... ##
... #.....# ... ......
.... ......


You could see an accursed, a tentacled monstrosity (summoned), 3 tyrants, an
eight-headed meat hydra, 8 large abominations and 3 bags of meat.

Vanquished Creatures
  8 hell beasts (D)
  4 royal mummies (D)
  A great orb of eyes (D)
  6 wraiths (D)
  Harold (D)
  7 vampire knights (D)
  41 ogres (D)
  8 two-headed ogres (D)
  6 liches (D)
  4 hydras (D)
  A phantom (D)
  71 orcs (D)
  4 skeletal warriors (D)
162 creatures vanquished.

Vanquished Creatures (others)
  An ogre (D)
  An orc (D)
2 creatures vanquished.

Grand Total: 164 creatures vanquished

Notes
Turn   | Place    | Note
-------+----------+-------------------------------------------
     0 | D        | Found the +∞ Axe of Woe
     0 | D        | BigDaddyOpFi the Djinni Warper began the quest for the Orb.
     0 | D        | BigDaddyOpFi set off with the following spells memorised:
                  | Blink, Lesser Beckoning, Vhi's Electric Charge, Teleport
                  | Other, Manifold Assault.
     0 | D        | Reached XP level 1. HP: 18/18 MP: 0/0
     2 | D        | Noticed a meat berserker
     2 | D        | Noticed a bag of meat
     2 | D        | Noticed a bag of meat
     4 | D        | Became a worshipper of Makhleb the Destroyer
     4 | D        | Noticed a bag of meat
     5 | D        | Noticed a bag of meat
     5 | D        | Noticed a bag of meat
     5 | D        | Noticed a meat berserker
     6 | D        | Killed a meat berserker
     6 | D        | Noticed a bag of meat
     7 | D        | Reached skill level 10 in Fighting
     7 | D        | Reached skill level 10 in Armour
     7 | D        | Reached skill level 10 in Unarmed Combat
     7 | D        | Reached skill level 10 in Invocations
     7 | D        | Reached XP level 2. HP: 36/36 MP: 0/0
     7 | D        | Reached XP level 3. HP: 41/41 MP: 0/0
     7 | D        | Learned a level 1 spell: Slow
     7 | D        | Reached XP level 4. HP: 47/47 MP: 0/0
     7 | D        | Reached XP level 5. HP: 52/52 MP: 0/0
     7 | D        | Learned a level 2 spell: Searing Ray
     7 | D        | Reached XP level 6. HP: 58/58 MP: 0/0
     7 | D        | Reached XP level 7. HP: 64/64 MP: 0/0
     7 | D        | Learned a level 3 spell: Gell's Gravitas
     7 | D        | Reached XP level 8. HP: 69/69 MP: 0/0
     7 | D        | Reached XP level 9. HP: 75/75 MP: 0/0
     7 | D        | Learned a level 3 spell: Swiftness
     7 | D        | Reached XP level 10. HP: 81/81 MP: 0/0
     7 | D        | Reached XP level 11. HP: 86/86 MP: 0/0
     7 | D        | Learned a level 5 spell: Lightning Bolt
     7 | D        | Reached XP level 12. HP: 92/92 MP: 0/0
     7 | D        | Noticed a meat berserker
     7 | D        | Noticed a bag of meat
     8 | D        | Killed a meat berserker
     8 | D        | Reached * piety under Makhleb
     8 | D        | Killed a bag of meat
     8 | D        | Killed a bag of meat
     8 | D        | Noticed a bag of meat
     9 | D        | Reached skill level 10 in Spellcasting
     9 | D        | Reached XP level 13. HP: 103/103 MP: 0/0
     9 | D        | Learned a level 5 spell: Agony
     9 | D        | Reached XP level 14. HP: 110/110 MP: 0/0
     9 | D        | Killed a bag of meat
     9 | D        | Reached ** piety under Makhleb
     9 | D        | Noticed a bag of meat
     9 | D        | Noticed a bag of meat
     9 | D        | Noticed a bag of meat
    10 | D        | Reached skill level 15 in Dodging
    10 | D        | Noticed a meat berserker
    10 | D        | Killed a meat berserker
    10 | D        | Killed a bag of meat
    10 | D        | Noticed a meat berserker
    11 | D        | Reached skill level 15 in Fighting
    11 | D        | Reached skill level 15 in Armour
    11 | D        | Reached skill level 15 in Unarmed Combat
    11 | D        | Reached skill level 15 in Invocations
    11 | D        | Reached XP level 15. HP: 94/120 MP: 0/0
    11 | D        | Learned a level 6 spell: Starburst
    11 | D        | Reached *** piety under Makhleb
    12 | D        | Reached XP level 16. HP: 126/128 MP: 0/0
    12 | D        | Noticed a meat berserker
    12 | D        | Reached **** piety under Makhleb
    13 | D        | Reached skill level 15 in Stealth
    13 | D        | Killed a meat berserker
    13 | D        | Killed a meat berserker
    13 | D        | Noticed a meat berserker
    14 | D        | Reached skill level 15 in Axes
    14 | D        | Reached skill level 15 in Throwing
    14 | D        | Reached XP level 17. HP: 139/139 MP: 0/0
    14 | D        | Learned a level 7 spell: Ozocubu's Refrigeration
    16 | D        | Killed a meat berserker
    16 | D        | Reached ***** piety under Makhleb
    16 | D        | Noticed a meat berserker
    17 | D        | Killed a meat berserker
    17 | D        | Noticed a meat berserker
    18 | D        | Reached skill level 15 in Spellcasting
    18 | D        | Reached XP level 18. HP: 148/148 MP: 0/0
    20 | D        | Noticed a destroyer
    20 | D        | Killed a meat berserker
    22 | D        | Killed a meat berserker
    22 | D        | Noticed a meat berserker
    23 | D        | Reached XP level 19. HP: 157/157 MP: 0/0
    23 | D        | Learned a level 7 spell: Monstrous Menagerie
    23 | D        | Killed a destroyer
    23 | D        | Noticed a meat berserker
    23 | D        | Noticed a large bag of meat
    24 | D        | Noticed a meat berserker
    25 | D        | Noticed a large bag of meat
    25 | D        | Noticed a large bag of meat
    26 | D        | Killed a large bag of meat
    26 | D        | Noticed an eight-headed meat hydra
    27 | D        | Reached XP level 20. HP: 157/167 MP: 0/0
    27 | D        | Killed a nine-headed meat hydra
    27 | D        | Reached ****** piety under Makhleb
    27 | D        | Noticed a meat berserker
    29 | D        | Killed a meat berserker
    29 | D        | Killed a meat berserker
    31 | D        | Reached XP level 21. HP: 179/179 MP: 0/0
    31 | D        | Learned a level 7 spell: Malign Gateway
    31 | D        | Noticed a meat berserker
    32 | D        | Killed a meat berserker
    32 | D        | Killed a meat berserker
    32 | D        | Killed a large bag of meat
    33 | D        | Reached skill level 27 in Dodging
    33 | D        | Killed a meat berserker
    33 | D        | Killed a large bag of meat
    34 | D        | Reached XP level 22. HP: 178/193 MP: 0/0
    34 | D        | Noticed a meat berserker
    35 | D        | Reached skill level 27 in Fighting
    35 | D        | Reached skill level 27 in Armour
    35 | D        | Reached skill level 27 in Unarmed Combat
    35 | D        | Reached skill level 27 in Invocations
    38 | D        | Reached XP level 23. HP: 197/201 MP: 0/0
    38 | D        | Learned a level 8 spell: Discord
    42 | D        | Reached skill level 27 in Stealth
    42 | D        | Noticed a destroyer
    42 | D        | Noticed a large bag of meat
    42 | D        | Noticed a large bag of meat
    43 | D        | Noticed a tyrant
    43 | D        | Noticed a large bag of meat
    44 | D        | Noticed a destroyer
    44 | D        | Noticed a destroyer
    45 | D        | Reached skill level 27 in Axes
    45 | D        | Reached skill level 27 in Throwing
    45 | D        | Killed a large bag of meat
    46 | D        | Reached skill level 27 in Spellcasting
    46 | D        | Reached XP level 24. HP: 196/208 MP: 0/0
    46 | D        | Killed a destroyer
    46 | D        | Killed a destroyer
    46 | D        | Noticed a destroyer
    47 | D        | Reached skill level 27 in Maces & Flails
    47 | D        | Reached skill level 1 in Polearms
    47 | D        | Killed a large bag of meat
    48 | D        | Reached skill level 15 in Staves
    48 | D        | Reached XP level 25. HP: 199/214 MP: 0/0
    48 | D        | Learned a level 8 spell: Lehudib's Crystal Spear
    50 | D        | Killed a large bag of meat
    52 | D        | Reached skill level 27 in Staves
    52 | D        | Reached XP level 26. HP: 219/221 MP: 0/0
    52 | D        | Noticed an accursed
    52 | D        | Killed a tyrant
    53 | D        | Reached skill level 27 in Polearms
    53 | D        | Reached skill level 5 in Shields
    53 | D        | Killed a destroyer
    53 | D        | Noticed a destroyer
    53 | D        | Noticed an accursed
    56 | D        | Killed a destroyer
    57 | D        | Reached skill level 15 in Ranged Weapons
    57 | D        | Reached XP level 27. HP: 218/228 MP: 0/0
    57 | D        | Learned a level 9 spell: Death's Door
    57 | D        | Noticed a tyrant
    57 | D        | Noticed The Servant
    58 | D        | Noticed an accursed
    59 | D        | Noticed a dread
    60 | D        | Killed an accursed
    61 | D        | Killed a dread
    62 | D        | Noticed a dread
    62 | D        | Killed a dread
    62 | D        | Noticed a tyrant
    62 | D        | Noticed a dread
    63 | D        | Reached skill level 27 in Shields
    63 | D        | Reached skill level 27 in Evocations
    63 | D        | Noticed a dread
    63 | D        | Noticed a tyrant
    63 | D        | Killed a dread
    64 | D        | Reached skill level 27 in Short Blades
    64 | D        | Reached skill level 27 in Long Blades
    64 | D        | Reached skill level 27 in Ranged Weapons
    64 | D        | Noticed a meat beast
    65 | D        | Noticed a dread
    66 | D        | Noticed a large bag of meat
    66 | D        | Killed The Servant
    66 | D        | Killed a meat beast
    66 | D        | Noticed a meat beast
    67 | D        | Killed a tyrant
    68 | D        | Killed a destroyer
    68 | D        | Killed a tyrant
    70 | D        | Noticed a large bag of meat
    71 | D        | Noticed a meat beast
    71 | D        | Killed a meat beast
    73 | D        | Killed a dread
    74 | D        | Killed a large bag of meat
    74 | D        | Noticed a meat beast
    75 | D        | Killed a meat beast
    75 | D        | Noticed a meat beast
    77 | D        | Killed a tyrant
    78 | D        | Killed a meat beast
    79 | D        | Killed an accursed
    79 | D        | Killed a large bag of meat
    80 | D        | Killed a meat beast
    80 | D        | Noticed a dread
    80 | D        | Noticed a destroyer
    81 | D        | Killed a dread
    81 | D        | Noticed a tyrant
    83 | D        | Killed a destroyer
    83 | D        | Killed an accursed
    86 | D        | Noticed a meat beast
    87 | D        | Noticed an accursed
    88 | D        | Killed a meat beast
    88 | D        | Noticed a meat beast
    89 | D        | HP: 10/228 [accursed/divine providence (12)]
    91 | D        | Noticed a tyrant
    92 | D        | Killed a tyrant
    93 | D        | Noticed a tyrant
    93 | D        | Killed a tyrant
    94 | D        | Killed a meat beast
    94 | D        | Killed a dread
    94 | D        | Noticed a tyrant
    95 | D        | Noticed a tyrant
    96 | D        | Noticed a meat beast
    97 | D        | Noticed an accursed
    99 | D        | Killed an accursed
    99 | D        | HP: 3/228 [accursed/divine providence (12)]
   101 | D        | Killed a meat beast
   101 | D        | Killed from afar by a tyrant

Illustrated notes

Levels and vault maps discovered:
D:        meatsprint

Skill      XL: |  1  2  3  4  5  6  7  8  9 10 11 12 13 14 15 16 17 18 19 20 21 22 23 24 25 26 27 |
---------------+----------------------------------------------------------------------------------+-----
Fighting       | 10 13 15 18 19 20 22 24 26 27 | 27.0
Axes           | 8 11 12 13 15 16 17 19 20 22 24 27 | 27.0
Throwing       | 8 11 12 13 15 16 17 19 20 22 24 27 | 27.0
Armour         | 10 13 15 18 19 20 22 23 26 27 | 27.0
Dodging        | 11 14 16 17 19 21 22 24 25 27 | 27.0
Stealth        | 9 12 13 14 16 17 19 20 22 24 26 27 | 27.0
Unarmed Combat | 10 13 15 18 19 20 22 24 26 27 | 27.0
Spellcasting   | 8 10 12 14 15 16 17 19 21 23 27 | 27.0
Invocations    | 10 13 15 18 19 20 22 23 26 27 | 27.0
Maces & Flails | 13 27 | 27.0
Polearms       | 14 25 27 | 27.0
Staves         | 15 27 | 27.0
Short Blades   | 16 27 | 27.0
Long Blades    | 16 27 | 27.0
Ranged Weapons | 15 27 | 27.0
Shields        | 18 27 | 27.0
Evocations     | 17 27 | 27.0

Action                     |  1- 3 |  4- 6 |  7- 9 | 10-12 | 13-15 | 16-18 | 19-21 | 22-24 | 25-27 || total
---------------------------+-------+-------+-------+-------+-------+-------+-------+-------+-------++-------
  Melee: Executioner's axe |     1 |       |       |     1 |     3 |     7 |     9 |     9 |    50 ||    80
   Cast: Vhi's Electric Ch |       |       |       |       |       |       |       |     2 |     4 ||     6
  Dodge: Dodged            |       |       |       |       |     1 |     1 |       |     1 |     5 ||     8

Table legend: (Time is in decaauts)
 A = Elapsed time spent in this place.
 B = Non-inter-level travel time spent in this place.
 C = Inter-level travel time spent in this place.
 D = Time resting spent in this place.
 E = Time spent auto-exploring this place.
 F = Levels seen in this place.
 G = Mean time per level.
                   A        B        C        D        E       F      G
               +--------+--------+--------+--------+--------+-----+--------+
         Total |     87 |     87 |      0 |      0 |      0 |   1 |   87.0 |
       Dungeon |     87 |     87 |      0 |      0 |      0 |   1 |   87.0 |
               +--------+--------+--------+--------+--------+-----+--------+

Top non-repeatable levels by time:
       D: 87 daAuts
